 Dungeon Crawl Stone Soup version 0.30-a0-702-gdf48620a09 (webtiles) character file.

Game seed: 3223046492313377599

451971 Absynth the Ninja (level 25, -8/152 HPs)
             Began as a Kobold Brigand on Jan 21, 2023.
             Was the Champion of Dithmenos.
             Mangled by a rockslime (30 damage)
             ... on level 5 of the Pits of Slime on Jan 22, 2023.
             The game lasted 04:02:34 (53266 turns).

Absynth the Ninja (Kobold Brigand)                 Turns: 53266, Time: 04:02:34

Health: -8/152     AC: 13    Str: 21    XL:     25   Next: 16%
Magic:  16/35      EV: 58    Int: 20    God:    Dithmenos [******]
Gold:   4742       SH: 19    Dex: 38    Spells: 10/40 levels left

rFire   + . .      SeeInvis +    b - +4 rapier of Lies {spect, Fly rC+++ Will+ Str+3}
rCold   + + +      Faith    .    B - +4 buckler of Broken Taboos {rElec rC+ rN+}
rNeg    + . .      Spirit   .    O - +4 robe of Augmentation {Str+4 Int+4 Dex+4}
rPois   +          Reflect  +    T - +2 hat of the Raven {Str+3 Stlth+}
rElec   +          Harm     .    n - +2 cloak {rPois}
rCorr   +          Rampage  .    S - +3 pair of gloves "Winnepp" {rCorr Str+3 Dex+2}
Will    ++...                    D - +1 pair of boots "Cyohao" {rF+ Regen+ Int+3} Stlth #####*****
                                 y - amulet of reflection
HPRegen 1.25/turn                e - ring of Nomoil {rC- rCorr EV+5 Dex-2 SInv}
MPRegen 0.24/turn                g - ring "Seibyme" {+Blink rElec Dex+6}

@: corroded, flying, wreathed by umbra
A: small, no large weapons, nightstalker 3, horns 1
}: 3/15 runes: barnacled, silver, gossamer
a: Renounce Religion, Evoke Blink, Shadow Step, Shadow Form


You were on level 5 of the Pits of Slime.
You worshipped Dithmenos.
Dithmenos was exalted by your worship.
You visited 8 branches of the dungeon, and saw 41 of its levels.
You also visited: Trove, Sewer, Volcano and Desolation.

You collected 6093 gold pieces.
You spent 1351 gold pieces at shops.

Inventory:

Hand Weapons
 a - a +9 quick blade of protection
 b - the +4 rapier of Lies (weapon) {spect, Fly rC+++ Will+ Str+3}
   (You bought it in a shop on level 2 of the Orcish Mines)

   Str:       It affects your strength (+3).
   rC:        It renders you almost immune to cold.
   Fly:       It grants you flight.
   Will:      It increases your willpower.
 c - the +8 dagger of Pupt {drain, Contam rF+ Str+3 Int+5}
   (You found it in a treasure trove)

   Str:       It affects your strength (+3).
   Int:       It affects your intelligence (+5).
   rF:        It protects you from fire.
   Contam:    It causes magical contamination when unequipped.
 j - the +7 Spriggan's Knife {stab, EV+4 Stlth+}
   (You acquired it on level 8 of the Dungeon)

   Stab:      It is more effective when stabbing unaware enemies, sometimes
   treating them as though they were completely helpless.
   EV:        It affects your evasion (+4).
   Stlth:     It makes you more stealthy.
Armour
 n - a +2 cloak of poison resistance (worn)
 B - the +4 buckler of Broken Taboos (worn) {rElec rC+ rN+}
   (You acquired it on level 8 of the Dungeon)

   rC:        It protects you from cold.
   rElec:     It insulates you from electricity.
   rN:        It protects you from negative energy.
 D - the +1 pair of boots "Cyohao" (worn) {rF+ Regen+ Int+3}
   (You found it on level 2 of the Spider Nest)

   Int:       It affects your intelligence (+3).
   rF:        It protects you from fire.
   Regen:     It increases your rate of health regeneration.
 O - the +4 robe of Augmentation (worn) {Str+4 Int+4 Dex+4}
   (You found it on level 7 of the Dungeon)

   Str:       It affects your strength (+4).
   Int:       It affects your intelligence (+4).
   Dex:       It affects your dexterity (+4).
 S - the +3 pair of gloves "Winnepp" (worn) {rCorr Str+3 Dex+2}
   (You acquired it on level 1 of the Shoals)

   Str:       It affects your strength (+3).
   Dex:       It affects your dexterity (+2).
   rCorr:     It protects you from acid and corrosion.
 T - the +2 hat of the Raven (worn) {Str+3 Stlth+}
   (You found it on level 4 of the Spider Nest)

   Str:       It affects your strength (+3).
   Stlth:     It makes you more stealthy.
Jewellery
 e - the ring of Nomoil (left hand) {rC- rCorr EV+5 Dex-2 SInv}
   (You found it in the Desolation of Salt)

   [ring of evasion]

   EV:        It affects your evasion (+5).
   Dex:       It affects your dexterity (-2).
   rC:        It makes you vulnerable to cold.
   SInv:      It lets you see invisible.
   rCorr:     It protects you from acid and corrosion.
 g - the ring "Seibyme" (right hand) {+Blink rElec Dex+6}
   (You found it in the Desolation of Salt)

   [ring of dexterity]

   Dex:       It affects your dexterity (+6).
   rElec:     It insulates you from electricity.
   +Blink:    It lets you blink.
 o - a ring of protection from fire
 y - an amulet of reflection (around neck)
 L - a ring of protection from cold
Wands
 p - a wand of mindburst (27)
 t - a wand of paralysis (14)
 I - a wand of polymorph (14)
 J - a wand of flame (42)
 M - a wand of light (32)
 W - a wand of roots (26)
Scrolls
 d - 5 scrolls of enchant armour
 f - 5 scrolls of poison
 h - 8 scrolls of blinking
 i - 13 scrolls of teleportation
 k - 3 scrolls of fear
 l - 3 scrolls of enchant weapon
 v - 3 scrolls of butterflies
 w - 5 scrolls of magic mapping
 z - 2 scrolls of silence
 H - 6 scrolls of fog
 R - 3 scrolls of amnesia
Potions
 q - 5 potions of heal wounds
 r - 28 potions of curing
 s - 3 potions of cancellation
 G - 2 potions of brilliance
 K - 2 potions of mutation
 Q - 4 potions of invisibility
 V - 4 potions of resistance
 X - a potion of magic
Miscellaneous
 m - a condenser vane


   Skills:
 - Level 14.0 Fighting
 - Level 15.0 Short Blades
 - Level 2.1 Throwing
 + Level 23.8 Dodging
 O Level 27 Stealth
 - Level 12.0 Shields
 - Level 8.0 Spellcasting
 + Level 11.4 Hexes
 - Level 16.0 Translocations
 - Level 8.0 Ice Magic
 - Level 12.0 Invocations


You had 10 spell levels left.
You knew the following spells:

 Your Spells              Type           Power      Damage    Failure   Level
a - Apportation           Tloc           100%       N/A       0%          1
b - Blink                 Tloc           100%       N/A       1%          2
c - Confusing Touch       Hex            52%        N/A       1%          3
d - Dispersal             Tloc           32%        N/A       2%          6
f - Manifold Assault      Tloc           64%        N/A       1%          4
g - Gell's Gravitas       Tloc           64%        N/A       1%          3
l - Lesser Beckoning      Tloc           100%       N/A       1%          2
p - Passage of Golubria   Tloc           64%        N/A       1%          4
t - Teleport Other        Tloc           64%        N/A       1%          3
z - Ensorcelled Hibernat  Hex/Ice        92%        N/A       1%          2

Your spell library contained the following spells:

 Spells                   Type           Power      Damage    Failure   Level
 Slow                     Hex            100%       N/A       1%          1
 Ozocubu's Armour         Ice            40%        N/A       1%          3
 Portal Projectile        Hex/Tloc       100%       N/A       1%          3
 Tukima's Dance           Hex            52%        N/A       1%          3
 Vhi's Electric Charge    Tloc/Air       80%        N/A       1%          3
 Cause Fear               Hex            26%        N/A       1%          4
 Dazzling Flash           Conj/Hex       60%        N/A       3%          3
 Inner Flame              Hex/Fire       30%        N/A       3%          3
 Kindle Blastsparks       Fire/Tloc/Air  58%        2d14      3%          3
 Iskenderun's Mystic Bla  Conj/Tloc      40%        2d9       4%          4
 Metabolic Englaciation   Hex/Ice        23%        N/A       5%          5
 Foxfire                  Conj/Fire      32%        2x1d5     11%         1
 Magic Dart               Conj           32%        1d4       11%         1
 Necrotise                Necr           32%        1d5       11%         1
 Shock                    Conj/Air       32%        1d5       11%         1
 Sting                    Tmut/Pois      32%        1d4       11%         1
 Leda's Liquefaction      Hex/Erth       15%        N/A       11%         4
 Summon Forest            Summ/Tloc      20%        N/A       11%         5
 Call Imp                 Summ           8%         N/A       16%         2
 Passwall                 Tmut/Erth      6%         N/A       16%         2
 Poisonous Vapours        Pois/Air       16%        N/A       16%         2
 Scorch                   Fire           16%        2d5       16%         2
 Call Canine Familiar     Summ           8%         N/A       32%         3
 Ignite Poison            Fire/Tmut/Pois 8%         N/A       32%         3
 Mephitic Cloud           Conj/Pois/Air  8%         N/A       32%         3
 Stone Arrow              Conj/Erth      16%        3d8       32%         3
 Swiftness                Air            8%         N/A       32%         3
 Vampiric Draining        Necr           8%         2d6       32%         3
 Freezing Cloud           Conj/Ice/Air   9%         6-21      69%         5
 Disjunction              Tloc           32%        N/A       69%         8
 Airstrike                Air            4%         2d(1-17)  71%         4
 Animate Armour           Summ/Erth      16%        N/A       71%         4
 Animate Dead             Necr           8%         N/A       71%         4
 Flame Wave               Conj/Fire      8%         2d5       71%         4
 Olgreb's Toxic Radiance  Pois           8%         N/A       71%         4
 Petrify                  Tmut/Erth      8%         N/A       71%         4
 Sticky Flame             Conj/Fire      8%         2d3       71%         4
 Summon Lightning Spire   Summ/Air       8%         N/A       71%         4
 Agony                    Necr           8%         N/A       96%         5
 Alistair's Intoxication  Tmut/Pois      5%         N/A       96%         5
 Arcjolt                  Conj/Air       4%         1d14      96%         5
 Blade Hands              Tmut           4%         N/A       96%         5
 Borgnjor's Vile Clutch   Necr/Erth      4%         N/A       96%         5
 Fireball                 Conj/Fire      4%         3d4       96%         5
 Lee's Rapid Deconstruct  Erth           4%         3d5*      96%         5
 Lightning Bolt           Conj/Air       4%         1d15      96%         5
 Ozocubu's Refrigeration  Ice            20%        4d11      98%         7
 Conjure Ball Lightning   Conj/Air       4%         3x3d6     100%        6
 Death Channel            Necr           4%         N/A       100%        6
 Eringya's Noxious Bog    Tmut/Pois      4%         N/A       100%        6
 Iron Shot                Conj/Erth      4%         9d2       100%        6
 Starburst                Conj/Fire      4%         6d3       100%        6
 Statue Form              Tmut/Erth      5%         N/A       100%        6
 Summon Cactus Giant      Summ           4%         N/A       100%        6
 Spellforged Servitor     Conj/Summ      4%         N/A       100%        7
 Storm Form               Tmut/Air       4%         N/A       100%        7
 Summon Hydra             Summ           4%         N/A       100%        7
 Discord                  Hex            26%        N/A       100%        8
 Ignition                 Fire           4%         3d4       100%        8
 Lehudib's Crystal Spear  Conj/Erth      4%         10d3      100%        8
 Maxwell's Capacitive Co  Air            4%         ∞         100%        8
 Chain Lightning          Conj/Air       4%         3d5       100%        9


Dungeon Overview and Level Annotations

Branches:
Dungeon (15/15)            Temple (1/1) D:4            Lair (5/5) D:9
 Shoals (4/4) Lair:2       Spider (4/4) Lair:2        Slime (5/5) Lair:5
    Orc (2/2) D:11            Elf (0/3) Orc:2        Vaults (5/5) D:14
  Crypt (0/3) Vaults:3     Depths (0/4) D:15          Sewer (visited)
Volcano (visited)         Desolation (visited)

Altars:
Ashenzari
Cheibriados
Dithmenos
Elyvilon
Fedhas
Gozag
Hepliaklqana
Kikubaaqudgha
Makhleb
Nemelex Xobeh
Okawaru
Qazlal
Ru
Sif Muna
Trog
Uskayaw
Vehumet
Wu Jian
Xom
Yredelemnul
Zin
The Shining One
Jiyva

Shops:
D:1 ((:!!   D:3 (   D:6 =   D:9 :   D:12 *   Orc:2 ==?(   Shoals:4 =(
Vaults:4 *

Annotations:
Lair:5 exclusion: oklob plant


Innate Abilities, Weirdness & Mutations

You are small and have problems with some larger weapons.
You are completely attuned to the shadows.
You have a pair of small horns on your head.


Message History

The azure jelly collides with you!
* * * LOW HITPOINT WARNING * * *
The azure jelly is moderately wounded.
The azure jelly collides with the rockslime!
The azure jelly is moderately wounded.
The azure jelly collides with the quicksilver ooze!
The quicksilver ooze is severely wounded.
The azure jelly is heavily wounded.
The azure jelly collides with the rockslime!
The azure jelly is severely wounded.
The slime creature collides with the rockslime!
The slime creature is almost dead.
The quicksilver ooze collides with the rockslime!
You kill the quicksilver ooze!
That felt strangely unrewarding.
The azure jelly collides with the rockslime!
The rockslime is almost dead.
The azure jelly is moderately wounded.
The acid blob collides with the rockslime!
The acid blob is almost dead.
Something collides with the azure jelly!
The azure jelly is severely wounded.
Something collides with the acid blob!
The acid blob is almost dead.
The quicksilver ooze hits you!!
* * * LOW HITPOINT WARNING * * *
The quicksilver ooze completely misses you.
You block the azure jelly's attack. x2; The azure jelly misses you.
The azure jelly completely misses you.
The acid blob jiggles.
The rockslime hits you but does no damage.
The rockslime completely misses you. The azure jelly completely misses you.
The azure jelly hits you.
* * * LOW HITPOINT WARNING * * *
The azure jelly freezes you. You resist.
* * * LOW HITPOINT WARNING * * *
You block the azure jelly's attack. The azure jelly completely misses you.
The quicksilver ooze completely misses you. x2
The rockslime hits you!!
You die...

............##.##.#..#...........
...........######.#####..........
...........# #..# #..........
.........### #.## ###........
.........# :$##..##( ##.......
.......###/)?§$§§..([) #.......
........# !)|$bbJJ§.?} ##......
........# #?$bbJJJ§)./ #......
........####..§J@JJ..######......
.......##....§§JJJJ§.#...##......
..........#...§§JJJG...#.........
.......#####.....§J..######......
.......# #)?.=....=.$ ##......
.......###|)}:##..##?[ #.......
........##[|φ|!##.#$| #.......
.........# #..# ##.......
.........### #.## ##........


You could see an acid blob, 5 azure jellies, a slime creature, 3 rockslimes and
5 quicksilver oozes.

Vanquished Creatures
  the Royal Jelly (Slime:5)
  3 dread liches
  An ancient lich (Vaults:5)
  Mara (Shoals:3)
  Bai Suzhen (Shoals:4)
  2 golden dragons (Vaults:5)
  Nikola (Shoals:2)
  Arachne (Spider:3)
  Jorgrun (D:14)
  Rupert (Lair:5)
  2 tentacled monstrosities
  3 liches (Vaults:5)
  A quicksilver dragon (Vaults:5)
  19 acid blobs
  2 krakens
  The ghost of Toahuek the Eclecticist, an adept DjFE of Makhleb (Spider:4)
  An ancient champion (Vaults:3)
  2 storm dragons (Vaults:5)
  4 sphinxes
  3 tengu reavers
  4 shadow dragons
  Kirke (D:12)
  8 azure jellies
  Roxanne (Shoals:1)
  3 deep elf sorcerers
  7 rockslimes
  23 vault wardens
  5 frost giants
  3 fire giants
  The ghost of Ucwof the Brawler, a journeyman TrCA of Jiyva (D:15)
  An iron dragon (Vaults:5)
  2 imperial myrmidons (Desolation)
  4 ghost moths
  8 emperor scorpions
  3 orc warlords
  8 quicksilver oozes
  22 ironbound preservers
  3 war gargoyles
  12 very ugly things
  9 stone giants
  3 ironbound thunderhulks
  A deep elf demonologist (Vaults:5)
  Nessos (D:12)
  2 halazid warlocks (Desolation)
  17 dire elephants
  2 spark wasps
  5 ettins
  5 merfolk impalers
  Snorg (Lair:5)
  11 entropy weavers
  21 yaktaur captains
  2 crystal guardians (Desolation)
  8 ragged hierophants (Desolation)
  3 deep elf death magi (Vaults:5)
  A deep elf high priest (Vaults:4)
  Fannar (Lair:1)
  9 great orbs of eyes
  4 servants of whispers (Desolation)
  4 hydras
  36 vault guards
  The ghost of Nonseq the Destroyer, a journeyman DsFE of Gozag (D:10)
  4 merfolk javelineers (Shoals:4)
  A death knight (D:13)
  8 peacekeepers
  An ogre mage (Vaults:5)
  9 ironbound frosthearts
  5 jorogumos
  Erolcha (D:11)
  5 merfolk aquamancers (Shoals:4)
  7 centaur warriors
  A catoblepas (Lair:5)
  3 boulder beetles
  A merfolk avatar (Shoals:4)
  5 radroaches
  2 tengu warriors (D:15)
  An alligator snapping turtle (Shoals:4)
  5 two-headed ogres
  2 death yaks
  2 satyrs
  An orc high priest (Orc:2)
  2 deep troll earth magi (Vaults:5)
  A vampire mage (Vaults:3)
  Sonja (Orc:2)
  2 hell knights
  A spectral dire elephant (Lair:5)
  Nergalle (Lair:3)
  A spectral anaconda (Lair:5)
  8 pharaoh ants
  A sun moth (Lair:2)
  A salamander mystic (Volcano)
  14 sea snakes
  A glowing orange brain (Vaults:4)
  7 orb spiders
  56 deep trolls
  17 ironbound convokers
  7 steelbarb worms
  An obsidian statue (Lair:5)
  4 phantasmal warriors (Vaults:5)
  7 wizards
  8 orc knights
  18 harpies
  4 deep elf pyromancers
  6 necromancers
  10 lindwurms
  16 fauns
  A human zombie (Vaults:3)
  31 wolf spiders
  A mana viper (shapeshifter) (Vaults:4)
  8 shining eyes
  33 ugly things
  An oklob plant (Lair:5)
  11 cyclopes
  4 salamanders (Volcano)
  14 manticores
  A moth of wrath (Spider:4)
  7 orc sorcerers
  Maurice (D:13)
  6 black mambas
  15 merfolk sirens
  20 elephants
  14 vault sentinels
  A guardian serpent (Desolation)
  A spectral centaur (D:10)
  3 centaur zombies (D:10)
  An eye of devastation (shapeshifter) (Vaults:5)
  11 cane toads
  3 demonic crawlers
  A dire elephant zombie (Lair:5)
  2 gargoyles
  3 torpor snails
  4 molten gargoyles
  9 water nymphs
  3 eyes of devastation
  An unseen horror (D:12)
  A kobold demonologist (D:13)
  3 rime drakes
  40 yaktaurs
  An efreet (D:15)
  6 komodo dragons
  6 trolls
  24 merfolk
  4 meliai
  A queen bee (Lair:1)
  2 polar bears
  A queen bee (shapeshifter) (D:14)
  25 tarantellas
  17 hornets
  4 wind drakes
  22 blink frogs
  47 saltlings
  10 snapping turtles
  A spectral elephant (Lair:5)
  A dream sheep (shapeshifter) (Vaults:5)
  7 dream sheep
  115 slime creatures
  A shadow (D:9)
  Sigmund (D:5)
  A flying skull (Vaults:3)
  3 wraiths
  34 jumping spiders
  A vampire (D:12)
  9 water elementals
  30 culicivoras
  57 yaks
  8 wyverns
  5 basilisks
  15 humans
  3 golden eyes (Slime:3)
  44 redbacks
  2 fire bats (Volcano)
  5 vampire mosquitoes
  4 wargs
  2 death yak simulacra (Lair:5)
  A spectral cane toad (Lair:5)
  2 acid dragons
  15 water moccasins
  2 floating eyes
  A floating eye (shapeshifter) (Vaults:5)
  26 orc warriors
  An ettin simulacrum (Vaults:3)
  5 ice beasts
  5 ogres
  12 wolves
  4 centaurs
  An elephant skeleton (Lair:5)
  4 kobold brigands
  10 bullfrogs
  2 cane toad simulacra (Lair:5)
  A gnoll sergeant (D:7)
  7 scorpions
  An ogre simulacrum (Vaults:3)
  21 wights
  27 killer bees
  8 electric eels
  5 howler monkeys
  4 lava snakes
  2 jellies
  12 orc priests
  6 hounds
  A gnoll bouda (D:7)
  Crazy Yiuf (D:7)
  Jessica (D:3)
  3 iguanas
  20 orc wizards
  6 hell rats (Lair:1)
  9 gnolls
  12 adders
  A river rat (D:6)
  3 shadow imps
  4 white imps
  An ufetubus (D:7)
  9 worms
  4 dart slugs
  79 orcs
  10 endoplasms
  11 giant cockroaches
  17 hobgoblins
  3 jackals (D:2)
  29 kobolds
  3 quokkas
  3 training dummies (Shoals:4)
  6 ball pythons
  11 bats
  5 frilled lizards
  20 goblins
  6 rats
  A bush (D:7)
  13 pillars of salt
1827 creatures vanquished.

Vanquished Creatures (others)
  An orc (Vaults:5)
  A kobold (D:4)
  26 fungi
  14 pillars of salt (Orc:2)
  166 plants
  14 withered plants
222 creatures vanquished.

Grand Total: 2049 creatures vanquished

Notes
Turn   | Place    | Note
-------+----------+-------------------------------------------
     0 | D:1      | Absynth the Kobold Brigand began the quest for the Orb.
     0 | D:1      | Reached XP level 1. HP: 12/12 MP: 1/1
    76 | D:1      | Found Tet Saud's Distillery.
   138 | D:1      | Found Emugarify's Distillery.
   198 | D:1      | Reached XP level 2. HP: 17/17 MP: 2/2
   392 | D:1      | Reached XP level 3. HP: 21/21 MP: 3/3
   392 | D:1      | Found Afeypte's Book Emporium.
   397 | D:1      | Found Suugre's Antique Weapon Shoppe.
   538 | D:1      | Found Zodus's Weapon Shoppe.
   911 | D:2      | Reached skill level 6 in Stealth
  1032 | D:2      | Reached XP level 4. HP: 24/26 MP: 4/4
  1402 | D:2      | Reached XP level 5. HP: 28/30 MP: 5/5
  1984 | D:3      | Found Kittos's Antique Weapon Boutique.
  2003 | D:3      | Found a hide-covered altar of Uskayaw.
  2188 | D:3      | Noticed Jessica
  2428 | D:3      | Killed Jessica
  2429 | D:3      | Reached skill level 7 in Stealth
  2429 | D:3      | Reached XP level 6. HP: 32/35 MP: 6/6
  2566 | D:3      | Reached skill level 5 in Short Blades
  2780 | D:4      | Noticed an ogre
  2782 | D:4      | Killed an ogre
  3122 | D:4      | Found a staircase to the Ecumenical Temple.
  3129 | Temple   | Entered the Ecumenical Temple
  3516 | D:4      | Reached XP level 7. HP: 40/40 MP: 7/7
  3562 | D:4      | Found a bloodstained altar of Trog.
  3963 | D:5      | Entered Level 5 of the Dungeon
  4173 | D:5      | Reached skill level 5 in Dodging
  4173 | D:5      | Reached skill level 8 in Stealth
  4456 | D:5      | Found a shimmering altar of Xom.
  4571 | D:4      | Reached XP level 8. HP: 38/44 MP: 8/8
  4605 | D:5      | Learned a level 1 spell: Apportation
  5038 | D:1      | Bought a fine short sword for 192 gold pieces
  5038 | D:1      | Identified the +8 short sword of Trial by Ordeal {drain,
                  | rElec Str+3} (You bought it in a shop on level 1 of the
                  | Dungeon)
  5117 | D:5      | Reached skill level 9 in Stealth
  5278 | D:5      | Noticed Sigmund
  5282 | D:5      | Killed Sigmund
  5733 | D:6      | Found a glowing drain.
  5736 | D:6      | Reached skill level 10 in Stealth
  5745 | Sewer    | Entered a sewer
  5795 | Sewer    | Reached XP level 9. HP: 48/48 MP: 9/9
  6126 | D:6      | Found Ovuqunoz's Jewellery Emporium.
  6647 | D:6      | Reached skill level 1 in Shields
  7204 | D:7      | Reached skill level 11 in Stealth
  7257 | D:7      | Found a stormy altar of Qazlal.
  7312 | D:7      | Found the +4 robe of Augmentation {Str+4 Int+4 Dex+4}
  7313 | D:7      | Found a sparkling altar of Nemelex Xobeh.
  7588 | D:7      | Found a burning altar of Makhleb.
  7641 | D:7      | Found a sacrificial altar of Ru.
  8043 | D:7      | Reached XP level 10. HP: 46/53 MP: 10/10
  8315 | D:7      | Found a runed translucent door.
  8318 | D:7      | Noticed Crazy Yiuf
  8323 | D:7      | Killed Crazy Yiuf
  8422 | D:8      | Reached skill level 10 in Short Blades
  8579 | D:8      | Reached skill level 12 in Stealth
  9241 | D:8      | Identified 3 scrolls of acquirement
  9241 | D:8      | Acquired the +4 buckler of Broken Taboos {rElec rC+ rN+}
  9295 | D:8      | Acquired the +7 Spriggan's Knife {stab, EV+4 Stlth+}
  9295 | D:8      | Found the +7 Spriggan's Knife {stab, EV+4 Stlth+}
  9297 | D:8      | Acquired 575 gold pieces
  9501 | D:9      | Found a white marble altar of Elyvilon.
  9524 | D:9      | Found a radiant altar of Vehumet.
  9584 | D:9      | Reached skill level 10 in Dodging
  9832 | D:9      | Found a basalt altar of Yredelemnul.
  9835 | D:9      | Found a shimmering blue altar of Sif Muna.
  9862 | D:9      | Reached XP level 11. HP: 57/57 MP: 11/11
  9863 | D:9      | Reached skill level 13 in Stealth
  9957 | D:9      | Found a shadowy altar of Dithmenos.
  9963 | D:9      | Became a worshipper of Dithmenos the Shadowed
 10039 | D:9      | Found a staircase to the Lair.
 10238 | D:9      | Found a blossoming altar of Fedhas.
 10341 | D:9      | Found Poiquepn's Book Shop.
 10455 | D:9      | Reached skill level 5 in Shields
 10754 | D:1      | Bought an Inescapable Atlas for 416 gold pieces
 10754 | D:1      | Bought a book of Displacement for 286 gold pieces
 10759 | D:1      | Learned a level 2 spell: Blink
 10893 | D:10     | Entered Level 10 of the Dungeon
 11019 | D:10     | Found a glowing golden altar of the Shining One.
 11056 | D:10     | Reached skill level 1 in Spellcasting
 11056 | D:10     | Reached skill level 1 in Translocations
 11241 | D:10     | Found a runed translucent gate.
 11242 | D:10     | Found a runed translucent gate.
 11243 | D:10     | Found a runed translucent gate.
 11460 | D:10     | Reached * piety under Dithmenos
 11640 | D:10     | Found an opulent altar of Gozag.
 11970 | D:10     | Noticed Nonseq's ghost (journeyman DsFE)
 12049 | D:10     | Killed Nonseq's ghost
 12181 | D:11     | Noticed Erolcha
 12203 | D:11     | Killed Erolcha
 12204 | D:11     | Reached skill level 5 in Spellcasting
 12204 | D:11     | Reached skill level 5 in Translocations
 12207 | D:11     | Learned a level 2 spell: Lesser Beckoning
 12211 | D:11     | Learned a level 3 spell: Gell's Gravitas
 12215 | D:11     | Learned a level 3 spell: Teleport Other
 12220 | D:11     | Learned a level 4 spell: Manifold Assault
 12285 | D:11     | Reached XP level 12. HP: 62/62 MP: 19/19
 12600 | D:11     | Found a staircase to the Orcish Mines.
 12660 | Orc:1    | Entered Level 1 of the Orcish Mines
 12801 | Orc:1    | Reached ** piety under Dithmenos
 12985 | Orc:2    | Entered Level 2 of the Orcish Mines
 12994 | Orc:2    | Noticed a two-headed ogre
 12999 | Orc:2    | Killed a two-headed ogre
 13514 | Orc:2    | Noticed a two-headed ogre
 13518 | Orc:2    | Killed a two-headed ogre
 13555 | Orc:2    | Noticed Sonja
 13565 | Orc:2    | Killed Sonja
 13566 | Orc:2    | Reached XP level 13. HP: 66/66 MP: 24/24
 13693 | Orc:2    | Found a staircase to the Elven Halls.
 13952 | Orc:2    | Noticed an orc warlord
 13984 | Orc:2    | Reached *** piety under Dithmenos
 14024 | Orc:2    | Reached skill level 10 in Translocations
 14372 | Orc:2    | Noticed an ettin
 14379 | Orc:2    | Killed an ettin
 14407 | Orc:2    | Noticed an orc warlord
 14453 | Orc:2    | Killed an orc warlord
 14466 | Orc:2    | Reached skill level 14 in Stealth
 14548 | Orc:2    | Found Cociwnugh's Jewellery Shop.
 14671 | Orc:2    | Found Inugyop's Magic Scroll Shoppe.
 14671 | Orc:2    | Found Naletwenn's Jewellery Shoppe.
 14688 | Orc:2    | Bought a scroll of blinking for 105 gold pieces
 14710 | Orc:2    | Found Roimee Bess's Antique Weapon Shoppe.
 14717 | Orc:2    | Bought a twisted rapier for 252 gold pieces
 14717 | Orc:2    | Identified the +4 rapier of Lies {spect, Fly rC+++ Will+
                  | Str+3} (You bought it in a shop on level 2 of the Orcish
                  | Mines)
 14781 | Orc:2    | Killed an orc warlord
 15025 | Lair:1   | Entered Level 1 of the Lair of Beasts
 15155 | Lair:1   | Reached **** piety under Dithmenos
 15531 | Lair:1   | Noticed Fannar
 15535 | Lair:1   | Killed Fannar
 15536 | Lair:1   | Reached skill level 15 in Stealth
 15647 | Lair:1   | Reached XP level 14. HP: 72/72 MP: 26/26
 16382 | Lair:2   | Found a staircase to the Shoals.
 16434 | Lair:2   | Reached ***** piety under Dithmenos
 16624 | Lair:2   | Reached skill level 16 in Stealth
 16961 | Lair:2   | Found a hole to the Spider Nest.
 17078 | Lair:3   | Found a dark tunnel.
 17083 | Volcano  | Entered a volcano
 17361 | Volcano  | Found a radiant altar of Vehumet.
 17998 | Lair:3   | Noticed Nergalle
 18002 | Lair:3   | Killed Nergalle
 18214 | Lair:3   | Reached XP level 15. HP: 74/76 MP: 27/27
 18239 | Lair:3   | Reached skill level 15 in Short Blades
 18751 | Lair:4   | Reached skill level 17 in Stealth
 19531 | Lair:5   | Entered Level 5 of the Lair of Beasts
 19788 | Lair:5   | Got Ylammun's Octavo of the Spider and Superposition
 19794 | Lair:5   | Learned a level 4 spell: Passage of Golubria
 19827 | Lair:5   | Reached ****** piety under Dithmenos
 19973 | Lair:5   | Reached skill level 18 in Stealth
 20289 | Lair:5   | Reached skill level 15 in Dodging
 20300 | Lair:5   | Learned a level 2 spell: Ensorcelled Hibernation
 20370 | Lair:5   | Reached skill level 1 in Hexes
 20370 | Lair:5   | Reached skill level 1 in Ice Magic
 20512 | Lair:5   | Noticed Rupert
 20519 | Lair:5   | Killed Rupert
 20574 | Lair:5   | Found a staircase to the Slime Pits.
 20959 | Lair:5   | Noticed Snorg
 20961 | Lair:5   | Killed Snorg
 20962 | Lair:5   | Reached XP level 16. HP: 80/80 MP: 28/28
 21523 | D:12     | Found Jikhluety's Assorted Antiques.
 21899 | D:12     | Noticed Nessos
 21903 | D:12     | Killed Nessos
 21987 | D:12     | Noticed Kirke
 21991 | D:12     | Killed Kirke
 22028 | D:12     | Reached skill level 10 in Shields
 22410 | D:13     | Noticed Maurice
 22414 | D:13     | Killed Maurice
 23362 | D:14     | Noticed Jorgrun
 23452 | D:14     | Found a gate to the Vaults.
 23522 | D:14     | Reached skill level 5 in Ice Magic
 23538 | D:14     | Killed Jorgrun
 23539 | D:14     | Reached skill level 5 in Hexes
 24693 | D:15     | Entered Level 15 of the Dungeon
 24801 | D:15     | Found a runed translucent gate.
 24802 | D:15     | Found a runed translucent gate.
 24803 | D:15     | Found a runed translucent gate.
 24830 | D:15     | Noticed a tengu reaver
 24858 | D:15     | Noticed Ucwof's ghost (journeyman TrCA)
 24860 | D:15     | Killed a tengu reaver
 24863 | D:15     | Killed Ucwof's ghost
 24990 | D:15     | Identified the ring of the Slug {Ice rPois rCorr Dex-5
                  | Stlth+}
 25120 | D:15     | Found a staircase to the Depths.
 25817 | Spider:1 | Entered Level 1 of the Spider Nest
 25829 | Spider:1 | Reached XP level 17. HP: 86/86 MP: 29/29
 26301 | Lair:2   | Reached skill level 1 in Invocations
 26571 | Shoals:1 | Entered Level 1 of the Shoals
 26809 | Shoals:1 | Reached skill level 5 in Fighting
 27043 | Shoals:1 | Noticed Roxanne
 27067 | Shoals:1 | Killed Roxanne
 27136 | Shoals:1 | Noticed a kraken
 27265 | Shoals:1 | Learned a level 6 spell: Dispersal
 27414 | Shoals:1 | Killed a kraken
 27467 | Shoals:1 | Reached skill level 5 in Invocations
 28014 | Shoals:1 | Acquired the +3 pair of gloves "Winnepp" {rCorr Str+3
                  | Dex+2}
 28182 | Shoals:2 | Noticed Nikola
 28185 | Shoals:2 | Killed Nikola
 28730 | Shoals:3 | Found a bloodstained altar of Trog.
 28735 | Shoals:3 | Noticed a kraken
 28737 | Shoals:3 | Killed a kraken
 28919 | Shoals:3 | Noticed Mara
 28923 | Shoals:3 | Killed Mara
 29044 | Shoals:3 | Reached XP level 18. HP: 107/107 MP: 30/30
 29059 | Shoals:3 | Reached skill level 10 in Fighting
 29381 | Shoals:4 | Entered Level 4 of the Shoals
 29635 | Shoals:4 | Identified the +3 chain mail "Dackenod" {rElec Str+3 Dex+3
                  | Stlth-}
 29762 | Shoals:4 | Found Deenoc's Jewellery Shop.
 29835 | Shoals:4 | Got a barnacled rune of Zot
 29866 | Shoals:4 | Found Vidiniutz's Firing Range.
 29949 | Shoals:4 | Noticed Bai Suzhen
 29952 | Shoals:4 | Killed Bai Suzhen
 30319 | Vaults:1 | Entered Level 1 of the Vaults
 30766 | Vaults:1 | Reached XP level 19. HP: 121/121 MP: 31/31
 31515 | Vaults:1 | Identified the +7 flail of the Telling Traitor {drain, rN+
                  | Int+2}
 31939 | Vaults:2 | Reached skill level 19 in Stealth
 32435 | Vaults:2 | Identified the +0 leather armour of Unlo {rC+ Regen+ Str-3
                  | Dex+3}
 33889 | Vaults:2 | Reached skill level 20 in Stealth
 34005 | Vaults:3 | Reached XP level 20. HP: 127/127 MP: 32/32
 34026 | Vaults:3 | Found a crumbling gateway.
 34045 | Desolati | Entered the Desolation of Salt
 34116 | Desolati | Identified the +0 plate armour of Insecurity {Will+ Regen+
                  | Str+2 Int-5 Slay-4}
 34117 | Desolati | Identified the ring of Nomoil {rC- rCorr EV+5 Dex-2 SInv}
 34148 | Desolati | Got the Handbook of Exhalation
 34239 | Desolati | Identified the ring "Seibyme" {+Blink rElec Dex+6}
 34260 | Desolati | Identified the +8 spear of Agony {speed, rPois rC+}
 34261 | Desolati | Identified the +2 plate armour of the Cartwright {Dex+6}
 34361 | Desolati | Found the +7 sceptre of Torment {pain, torment}
 34482 | Desolati | Identified the +8 ice dragon scales "Fibaown" {rF- rC++
                  | Int+5}
 34496 | Desolati | Got the Commentary on the Ground and Production
 34517 | Desolati | Identified the +1 dagger "Koelud Sess" {flame, rC+ rN+}
 35101 | Vaults:3 | Identified the +0 robe of the Mind {Regen+ Str+3 Int-5}
 35585 | Vaults:3 | Found a staircase to the Crypt.
 36141 | Vaults:3 | Reached skill level 21 in Stealth
 36683 | Vaults:3 | Reached skill level 10 in Invocations
 36794 | Vaults:3 | Reached XP level 21. HP: 65/132 MP: 33/33
 38366 | Vaults:4 | Reached skill level 22 in Stealth
 38768 | Vaults:4 | Found a portal to a secret trove of treasure.
 39856 | Vaults:4 | Reached XP level 22. HP: 126/137 MP: 34/34
 39941 | Vaults:4 | Found Baytoch's Assorted Antiques.
 40064 | Vaults:5 | Entered Level 5 of the Vaults
 40331 | Vaults:5 | Noticed a golden dragon
 40485 | Vaults:5 | Noticed a golden dragon
 40488 | Vaults:5 | Killed a golden dragon
 40618 | Vaults:5 | Noticed an ancient lich
 40620 | Vaults:5 | Killed an ancient lich
 40621 | Vaults:5 | Reached skill level 23 in Stealth
 40654 | Vaults:5 | Got a silver rune of Zot
 40726 | Vaults:5 | Noticed a golden dragon
 41022 | Vaults:5 | Noticed a dread lich
 41024 | Vaults:5 | Killed a dread lich
 41049 | Vaults:5 | Reached skill level 15 in Translocations
 41094 | Vaults:5 | Noticed a dread lich
 41658 | Vaults:5 | Killed a golden dragon
 42381 | Vaults:5 | Reached skill level 24 in Stealth
 42435 | Vaults:5 | Reached XP level 23. HP: 142/142 MP: 35/35
 42442 | Vaults:5 | Identified the +1 leather armour of Freedom {rElec Dex+2}
 42935 | Vaults:5 | Noticed a dread lich
 43084 | Vaults:4 | Killed a dread lich
 43580 | Vaults:4 | Killed a dread lich
 43685 | Vaults:5 | Identified the +0 pair of gloves of Jidghorchi {Str+6}
 45188 | Spider:1 | Reached skill level 25 in Stealth
 45190 | Spider:1 | Paralysed by a jorogumo for 2 turns
 45810 | Spider:2 | Identified the +1 pair of boots "Cyohao" {rF+ Regen+ Int+3}
 47014 | Spider:3 | Reached skill level 26 in Stealth
 47014 | Spider:3 | Noticed Arachne
 47018 | Spider:3 | Killed Arachne
 47019 | Spider:3 | Reached XP level 24. HP: 148/148 MP: 35/35
 47574 | Spider:4 | Entered Level 4 of the Spider Nest
 47637 | Spider:4 | Learned a level 3 spell: Confusing Touch
 47676 | Spider:4 | Identified the +11 great sword "Jusicita" {flame, rF-
                  | Int+8}
 48363 | Spider:4 | Identified the +2 hat of the Raven {Str+3 Stlth+}
 48370 | Spider:4 | Got a gossamer rune of Zot
 48533 | Spider:4 | Found a runed translucent door.
 48534 | Spider:4 | Noticed Toahuek's ghost (adept DjFE)
 48539 | Spider:4 | Killed Toahuek's ghost
 48544 | Spider:4 | Identified the +6 long sword "Igion" {speed, rPois MP-9
                  | Dex+5 Stlth+}
 48904 | D:1      | Bought a potion of haste for 100 gold pieces
 49304 | Vaults:4 | You paid a toll of 8 potions of haste to enter a treasure
                  | trove
 49305 | Trove    | Entered a treasure trove
 49311 | Trove    | Identified the +8 mace "Arphu" {spect, rC+ rN++ Will-}
 49321 | Trove    | Identified the +9 spear of Fatigue {pain, Str+2}
 49323 | Trove    | Identified the +3 mace of the Nexus {pain, rC+ rN+ Str+5}
 49332 | Trove    | Identified the +0 dagger "Ysyth" {elec, Str-3 Dex+4}
 49338 | Trove    | Identified the +8 dagger of Pupt {drain, Contam rF+ Str+3
                  | Int+5}
 49342 | Trove    | Identified the +7 short sword "Enaozatwoe" {drain, MP+9}
 49364 | Vaults:4 | Gained mutation: You have a pair of small horns on your
                  | head. [mutagenic glow]
 49757 | Slime:1  | Entered Level 1 of the Pits of Slime
 50642 | Slime:1  | Acquired a +0 quick blade of holy wrath
 51388 | Slime:1  | Reached skill level 27 in Stealth
 51777 | Slime:3  | Reached skill level 10 in Hexes
 52723 | Slime:5  | Entered Level 5 of the Pits of Slime
 52954 | Slime:5  | Reached XP level 25. HP: 152/152 MP: 35/35
 53215 | Slime:5  | Found the +8 storm bow {elec, penet}
 53249 | Slime:5  | Found a viscous altar of Jiyva.
 53250 | Slime:5  | Noticed the Royal Jelly
 53256 | Slime:5  | Killed the Royal Jelly
 53266 | Slime:5  | Mangled by a rockslime

Illustrated notes

Levels and vault maps discovered:
D:1:      co_arrival_square_in_a_square_in_a_square, layout_loops_ring,
          serial_shops, nicolae_lakefront_shop, nicolae_shop_window_shopping,
          nicolae_shop_competitors_out_of_business, shop,
          nicolae_shop_waterfront
D:2:      minmay_thinvault, layout_loops_ring, hangedman_feature_mirror
D:3:      layout_rooms, mainiacjoe_overflow_cross_hatched, serial_shops,
          nicolae_shop_stone, kennysheep_boxes, uniq_jessica
D:4:      layout_cave_pools, trog_hazing_becter, minmay_temple_entry_mini_moons,
          grunt_decor_mini_mirrors, dk_noncrumbling_4,
          kennysheep_cross_bottleneck, minmay_misc_feat_room, minmay_pentangle
D:5:      layout_gridville, mainiacjoe_overflow_alcove_2, fountainhead,
          dreamdust_mushroom_princess, grunt_decor_junction, uniq_sigmund
D:6:      layout_loops_corners, portal_sewer_entry_b, nicolae_stop_n_shop_2,
          minmay_ogre_servants
D:7:      layout_basic, mainiacjoe_overflow_tiny_flanked, amcnicky_altar_gilded,
          nicolae_ru_the_path_less_chosen, nicolae_qazlal_scattered_showers,
          fountainhead, minivault_10, uniq_crazy_yiuf_cottage
D:8:      layout_basic
D:9:      layout_irregular_city, grunt_dithmenos_shadows, fedhas_altar_4,
          mainiacjoe_overflow_chevrons, mainiacjoe_overflow_alcove_4,
          jmf_multi_god_temple, erik_lair_island, serial_shops, shop_fountains
D:10:     layout_roguey, mainiacjoe_overflow_six_doors_small,
          grunt_gozag_breadcrumbs, gammafunk_ghost_necromancy, water_maze_lemuel
D:11:     layout_big_octagon, orc_0_dummy, uniq_erolcha
D:12:     layout_basic, serial_shops, nicolae_take_the_stairs, uniq_nessos,
          uniq_kirke
D:13:     layout_roguey, minmay_splitting_lines, uniq_maurice
D:14:     layout_long_grid, david_vaults_3, hangedman_decor_slide_cut,
          minmay_strange_pillars, uniq_jorgrun
D:15:     grunt_enter_depths_snipers, layout_cave_pools, gammafunk_ghost_split
Temple:   nicolae_temple_superstar
Lair:1:   layout_roguey [special_room_bee], uniq_fannar
Lair:2:   layout_loops_ring, elwin_shoals_entry_stream,
          spider_nest_entry_funnel_web, lemuel_fruit_fields
Lair:3:   layout_regular_city, enter_volcano_4, nicolae_lair_grove_arrangements,
          minivault_27, small_statue_intersection, uniq_nergalle
Lair:4:   layout_regular_city
Lair:5:   due_jungle_book, layout_cellular_growth, slime_entry_1,
          nicolae_quartered_pool_super, dpeg_oklob_1, grunt_megastairs_1,
          infiniplex_staircase_pool, serial_bayou_shore_a, uniq_snorg,
          uniq_rupert
Shoals:1: layout_shoals, uniq_roxanne
Shoals:2: layout_shoals, uniq_nikola
Shoals:3: layout_shoals, wheals_shoals_ruined_temple, uniq_mara
Shoals:4: shoals_end_simple, layout_shoals, serial_shops, shop,
          nicolae_shop_firing_range, uniq_bai_suzhen
Spider:1: layout_spider_delve
Spider:2: spiders_nest_scorpion_pit, lemuel_hornet_nest
Spider:3: layout_spider_delve, nicolae_spider_circle_web,
          nicolae_spider_nooks_and_crannies, uniq_arachne
Spider:4: grunt_spider_rune_parallel, ebering_ghost_inner_flame
Slime:1:  layout_caves
Slime:2:  layout_caves
Slime:3:  layout_caves
Slime:4:  cheibrodos_slime_lost_civilization_8, layout_caves
Slime:5
Orc:1:    layout_caves
Orc:2:    hellmonk_orc_salted, layout_caves, statue_in_the_mist_lemuel,
          uniq_sonja
Vaults:1: v_misc_16, vaults_room_stairs_pillars, v_misc_32,
          vaults_dpeg_encased_lava, layout_vaults_omnigrid
Vaults:2: hangedman_vaults_corner, vaults_room_door_ring,
          grunt_vaults_hallway_long, hangedman_vaults_impose,
          nicolae_vaults_big_angled_halls, vaults_room_boxed,
          hangedman_vaults_stream, nicolae_vaults_stairing_the_circle,
          v_alt_pattern_3, nicolae_vaults_minivaults, hangedman_vaults_snaps,
          vaults_dpeg_doors, ontoclasm_vaults_gateway, layout_vaults_ring
Vaults:3: portal_desolation_entry_twin_temple, ontoclasm_vaults_decontamination,
          nicolae_vaults_twisting_passages, vaults_room_grunt_arrival_ludios,
          nicolae_vaults_back_hallway, ontoclasm_vaults_spin, vaults_dpeg_hooks,
          nicolae_vaults_little_squares_4, vaults_room_hallway,
          minmay_crypt_entry_simple_walls, vaults_room_hallway,
          layout_vaults_chaotic_city
Vaults:4: v_misc_26, v_pattern_1, nicolae_vaults_bisected_exclaves,
          grunt_vaults_twisty, ontoclasm_vaults_ring_large,
          nicolae_vaults_octagons, vaults_room_large_hall,
          nicolae_vaults_rhombus_6, nicolae_vaults_network_quincunx
          [nicolae_vaults_network_quincunx_subvault,
          nicolae_vaults_network_quincunx_subvault,
          nicolae_vaults_network_quincunx_subvault,
          nicolae_vaults_network_quincunx_subvault,
          nicolae_vaults_network_quincunx_subvault], nicolae_vaults_network_s,
          ontoclasm_vaults_idyll, ontoclasm_vaults_tryst,
          ontoclasm_vaults_pinch, layout_vaults_omnibox, serial_shops, shop,
          nicolae_trove_entry_free_sample
Vaults:5

Skill      XL: |  1  2  3  4  5  6  7  8  9 10 11 12 13 14 15 16 17 18 19 20 21 22 23 24 25 |
---------------+----------------------------------------------------------------------------+-----
Short Blades   | 3 4 5 6 8 9 11 13 14 15 | 15.0
Dodging        | 2 3 4 5 7 8 10 12 13 15 16 17 18 20 22 23 | 23.8
Stealth        | 6 7 8 10 11 12 13 15 16 18 20 21 22 24 26 27 | 27.0
Shields        | 2 4 5 6 8 9 10 11 12 | 12.0
Spellcasting   | 5 7 8 |  8.0
Translocations | 5 9 10 11 12 14 15 16 | 16.0
Hexes          | 2 8 10 11 | 11.4
Ice Magic      | 2 8 |  8.0
Fighting       | 9 14 | 14.0
Invocations    | 8 10 11 12 | 12.0
Throwing       | |  2.1

Action                   |  1- 3 |  4- 6 |  7- 9 | 10-12 | 13-15 | 16-18 | 19-21 | 22-24 | 25-27 || total
-------------------------+-------+-------+-------+-------+-------+-------+-------+-------+-------++-------
Melee: Dagger            |   109 |   153 |   221 |       |       |       |       |       |       ||   483
       Punch             |       |     1 |     3 |       |       |       |       |       |       ||     4
       Short sword       |       |       |   248 |   406 |   371 |   198 |    62 |   143 |       ||  1428
       Knife             |       |       |       |   244 |   142 |    94 |       |       |       ||   480
       Rapier            |       |       |       |       |   358 |   520 |  1172 |  1424 |    17 ||  3491
       Headbutt          |       |       |       |       |       |       |       |   126 |     1 ||   127
Throw: Dart              |       |       |       |     3 |     5 |       |       |       |       ||     8
 Cast: Teleport Other    |       |       |       |       |     2 |       |     1 |       |       ||     3
       Lesser Beckoning  |       |       |       |       |     2 |       |       |       |       ||     2
       Gell's Gravitas   |       |       |       |       |     1 |       |       |    13 |     7 ||    21
       Ensorcelled Hiber |       |       |       |       |       |    27 |       |    52 |       ||    79
       Blink             |       |       |       |       |       |     4 |       |       |       ||     4
       Dispersal         |       |       |       |       |       |       |     7 |    17 |       ||    24
       Passage of Golubr |       |       |       |       |       |       |       |     1 |       ||     1
       Manifold Assault  |       |       |       |       |       |       |       |     3 |       ||     3
Invok: Shadow Step       |       |       |       |       |       |     7 |     2 |     7 |       ||    16
Evoke: Wand              |       |       |       |     7 |       |       |       |       |       ||     7
  Use: Scroll            |       |       |     6 |    22 |     1 |    10 |     1 |    17 |     1 ||    58
       Potion            |       |       |       |     1 |     5 |     1 |     1 |     2 |     2 ||    12
 Stab: Sleeping          |    18 |    30 |    26 |    56 |   121 |   164 |   154 |   210 |    14 ||   793
       Distracted        |       |     3 |     4 |     7 |    44 |    46 |    76 |   120 |       ||   300
       Confused          |       |       |       |       |       |       |       |     2 |       ||     2
Armor: Robe              |    11 |     5 |    17 |    24 |    15 |    29 |    27 |    61 |     8 ||   197
Dodge: Dodged            |    59 |    72 |   322 |   283 |   343 |   396 |   455 |   976 |    65 ||  2971
Block: Buckler           |       |       |    39 |   222 |   232 |   318 |   484 |  1000 |    26 ||  2321
       Reflection        |       |       |     2 |       |       |    10 |    25 |    34 |       ||    71

Table legend: (Time is in decaauts)
 A = Elapsed time spent in this place.
 B = Non-inter-level travel time spent in this place.
 C = Inter-level travel time spent in this place.
 D = Time resting spent in this place.
 E = Time spent auto-exploring this place.
 F = Levels seen in this place.
 G = Mean time per level.
                   A        B        C        D        E       F      G
               +--------+--------+--------+--------+--------+-----+--------+
         Total |  50804 |  46488 |   4316 |   7621 |  24836 |  45 | 1129.0 |
       Dungeon |  17121 |  14868 |   2253 |   1144 |  10112 |  15 | 1141.4 |
        Temple |    183 |    158 |     25 |      0 |    150 |   1 |  183.0 |
          Lair |   6853 |   5981 |    872 |    684 |   3709 |   5 | 1370.6 |
        Shoals |   3428 |   3235 |    193 |    516 |    983 |   4 |  857.0 |
   Spider Nest |   3489 |   3434 |     55 |    541 |   1788 |   4 |  872.2 |
    Slime Pits |   2665 |   2632 |     33 |    350 |   1267 |   5 |  533.0 |
  Orcish Mines |   2083 |   2034 |     49 |    144 |   1053 |   2 | 1041.5 |
        Vaults |  13163 |  12329 |    834 |   4126 |   5039 |   5 | 2632.6 |
         Trove |     46 |     46 |      0 |      0 |      0 |   1 |   46.0 |
         Sewer |    402 |    402 |      0 |      0 |    231 |   1 |  402.0 |
       Volcano |    515 |    515 |      0 |    115 |      0 |   1 |  515.0 |
    Desolation |    851 |    851 |      0 |      0 |    502 |   1 |  851.0 |
               +--------+--------+--------+--------+--------+-----+--------+

Top non-repeatable levels by time:
Vaults:4: 4960 daAuts
Vaults:3: 2499 daAuts
Vaults:1: 1954 daAuts
Vaults:2: 1913 daAuts
Vaults:5: 1836 daAuts
  Lair:5: 1821 daAuts
  Lair:2: 1651 daAuts
     D:9: 1629 daAuts
    D:14: 1452 daAuts
     D:5: 1438 daAuts
Shoals:1: 1433 daAuts
   Orc:2: 1411 daAuts
  Lair:1: 1394 daAuts
    D:10: 1394 daAuts
     D:2: 1303 daAuts
